Map: Eternal Empire LE

Players

ToaFolks - Winner!

  • Race: Zerg Zerg
  • League: Gold
  • Spawn Location: 1:00

antagomiR

  • Race: Protoss Protoss
  • League: Gold
  • Spawn Location: 7:00

VOD

Have the link to the VOD?

Description

Time

  • Played on: April 7, 2020, 11:24 p.m.
  • Length: 3:44
Show
View Real Time Build Order
Export as new Build Order

ToaFolks Zerg - Winner!

Build Orders: Pool First 

Get SALT Encoding   

  12  0:10  Drone x2  
  14  0:27  Spawning Pool  
  13  0:31  Drone  
  14  0:41  Overlord  
  14  0:48  Extractor, Drone  
  14  1:14  Zergling x2  
  14  1:15  Zergling x4  
  14  1:18  Queen  
  19  1:28  Zergling x2  
  20  1:42  Zergling x2  
  21  1:54  Drone  
  21  1:58  Metabolic Boost  
  22  2:38  Hatchery  
  20  2:47  Zergling x4  
  22  3:03  Overlord x2  
  22  3:06  Overlord  
  22  3:16  Overlord  
Show
View Real Time Build Order
Export as new Build Order

antagomiR Protoss 

Build Orders:  

Get SALT Encoding   

  12  0:01  Probe  
  13  0:13  Probe  
  14  0:21  Pylon  
  14  0:25  Probe  
  15  0:39  Probe  
  16  0:44  Gateway  
  16  0:51  Probe  
  17  0:59  Assimilator  
  17  1:13  Probe  
  18  1:25  Probe  
  19  1:33  Cybernetics Core  
  19  1:38  Probe  
  19  1:56  Gateway  
  19  2:04  Nexus  
  19  2:09  Pylon  
  19  2:11  Stalker (Chrono Boost)  
  21  2:28  Probe  
  22  2:33  Pylon  
  22  2:40  Probe, Shield Battery  
  22  3:06  Pylon  
  22  3:08  Pylon  
  22  3:10  Pylon  
  22  3:26  Forge  
Tags
 
League
GoldGold
Matchup
PvZ
Opening
Pool First
Replay Pack
20200422
Spawn Locations
Cross Positions
Add a new tag
Caveats
  • Supply blocks, unpowered buildings, or Contaminate may cause inaccurate times.
  • Supply counts are checked every 10 seconds.